 Dungeon Crawl Stone Soup version 0.30-a0-168-g0b976cbdc4 (webtiles) character file.

Game seed: 11200245266425013822

2907 IdlyInterested the Fighter (level 9, -1/81 HPs)
             Began as a Demonspawn Gladiator on Sept 29, 2022.
             Slain by a wolf (4 damage)
             ... led by Grum
             ... on level 8 of the Dungeon.
             The game lasted 00:21:52 (8263 turns).

IdlyInterested the Fighter (Demonspawn Gladiator)   Turns: 8263, Time: 00:21:53

Health: -1/81      AC:  9    Str: 14    XL:     9   Next: 49%
Magic:  9/9        EV: 13    Int: 11    God:
Gold:   279        SH:  0    Dex: 18    Spells: 8/8 levels left

rFire   . . .      SeeInvis .    i - +3 dagger (venom)
rCold   + . .      Faith    .    (no shield)
rNeg    . . .      Spirit   .    y - +0 troll leather armour {Pargi}
rPois   .          Reflect  .    I - +1 hat {Will+}
rElec   .          Harm     .    (no cloak)
rCorr   .          Rampage  .    (no gloves)
Will    ++...                    (no boots)
Stlth   +.........               o - amulet of magic regeneration
HPRegen 1.03/turn                E - ring of willpower
MPRegen 0.51/turn                (no ring)

@: confused, ambrosia-drunk, studying Throwing
A: icy blue scales 3, powered by death 1, demonic touch 2, hooves 1
a: no special abilities


You were on level 8 of the Dungeon.
You visited 2 branches of the dungeon, and saw 9 of its levels.
You also visited: Sewer.

You collected 279 gold pieces.

Inventory:

Hand Weapons
 i - a +3 dagger of venom (weapon)
 C - a +2 short sword of speed
 D - a +4 dagger
 J - a +0 scimitar
Missiles
 d - 6 throwing nets
 e - a javelin
 l - 8 poisoned darts (quivered)
 p - 2 boomerangs of dispersal
 w - 2 silver boomerangs
Armour
 y - a +0 troll leather armour (worn) {Pargi}
 I - a +1 hat of willpower (worn)
Magical Staves
 h - a staff of fire
Jewellery
 o - an amulet of magic regeneration (around neck)
 E - a ring of willpower (left hand)
Wands
 t - a wand of flame (37)
Scrolls
 a - 2 scrolls of teleportation
 b - a scroll of summoning {unknown}
 c - a scroll of fear
 f - a scroll of fog
 r - 2 scrolls of immolation
 x - a scroll of blinking
 A - 3 scrolls of amnesia
 F - a scroll of enchant weapon
Potions
 g - a potion of haste
 j - 2 potions of resistance
 k - 2 potions of curing
 m - a potion of attraction
 n - 2 potions of mutation
 q - 2 potions of brilliance
 s - 4 potions of lignification
 u - a potion of cancellation
 v - a potion of magic
 B - a potion of might
 G - a potion of heal wounds {unknown}


   Skills:
 * Level 11.0 Fighting
 - Level 3.0 Long Blades
 - Level 6.0 Throwing
 - Level 3.0 Dodging
 + Level 4.8 Unarmed Combat


You had 8 spell levels left.
You didn't know any spells.
Your spell library contained the following spells:

 Spells                   Type           Power      Damage    Failure   Level
 Summon Small Mammal      Summ           0%         N/A       41%         1
 Cigotuvi's Dreadful Rot  Necr/Pois/Air  0%         N/A       56%         2
 Poisonous Vapours        Pois/Air       0%         N/A       56%         2
 Call Canine Familiar     Summ           0%         N/A       80%         3
 Portal Projectile        Hex/Tloc       0%         N/A       80%         3
 Summon Guardian Golem    Hex/Summ       0%         N/A       80%         3
 Leda's Liquefaction      Hex/Erth       0%         N/A       99%         4


Dungeon Overview and Level Annotations

Branches:
Dungeon (8/15)             Temple (1/1) D:4           Sewer (visited)
   Lair: D:8-11

Altars:
Ashenzari
Cheibriados
Dithmenos
Fedhas
Gozag
Hepliaklqana
Kikubaaqudgha
Makhleb
Nemelex Xobeh
Okawaru
Qazlal
Ru
Sif Muna
Trog
Uskayaw
Vehumet
Wu Jian
Xom
Yredelemnul

Shops:
D:3 (   D:6 *

Annotations:
D:8 Grum


Innate Abilities, Weirdness & Mutations

You are completely covered in icy blue scales. (AC +4, rC+)
You regenerate a little health from kills.
Your touch may inflict irresistible damage on your foes.
You have large cloven feet.


Message History

Grum hits you from afar with a +0 glaive.
* * * LOW HITPOINT WARNING * * *
The wolf bites you.
* * * LOW HITPOINT WARNING * * *
You are confused.
You feel invigorated. The wolf bites you but does no damage.
The wolf bites you.
* * * LOW HITPOINT WARNING * * *
The wolf bites you but does no damage. x2; The wolf closely misses you.
Grum misses you.
Okay, then.
You are too confused!
You closely miss the wolf. Your kick misses the wolf.
You touch the wolf!
The wolf is moderately wounded.
The wolf bites you but does no damage. x4; Grum closely misses you.
The wolf bites you but does no damage. The wolf barely misses you.
Grum misses you.
You hit the wolf.
The wolf is poisoned.
Your touch misses the wolf.
The wolf is lightly wounded.
The wolf barely misses you. The wolf closely misses you.
The wolf barely misses you. The wolf misses you.
The wolf bites you but does no damage. x2; Grum hits you but does no damage.
You barely miss the wolf. You kick the wolf.
The wolf is heavily wounded.
The wolf completely misses you. The wolf bites you!
* * * LOW HITPOINT WARNING * * *
The wolf completely misses you. The wolf bites you.
* * * LOW HITPOINT WARNING * * *
The shadow imp closely misses you.
Grum hits you from afar with a +0 glaive!
* * * LOW HITPOINT WARNING * * *
The wolf barely misses you.
You hit the wolf. You kick the wolf. Your touch misses the wolf.
The wolf is severely wounded.
The wolf barely misses you. The wolf bites you but does no damage.
The wolf bites you.
* * * LOW HITPOINT WARNING * * *
A howler monkey comes into view.
The wolf bites you.
You die...

#...........
#........~..
#...........
#...$.......
#....~......
#..<........
#..(........
#####.hh5g...$h.
.......@h.......
~.......######+#
.~......#
.≈......#
~~~~....#
........#
#########


You could see Grum (very poisoned), 3 wolves, a howler monkey (wandering) and a
shadow imp.

Vanquished Creatures
  A cyclops (D:7)
  A wraith (D:7)
  2 water moccasins (D:6)
  A sky beast (D:7)
  An orc warrior (D:7)
  Pargi (Sewer)
  A black bear (D:6)
  A centaur (D:5)
  A phantom (D:4)
  2 scorpions (D:5)
  2 necrophages (D:5)
  7 wights (D:6)
  3 killer bees (D:7)
  A howler monkey (D:5)
  5 jellies
  4 orc priests
  5 hounds
  Natasha (thrice) (D:4)
  6 iguanas
  An orc wizard (D:5)
  6 adders
  4 gnolls (D:6)
  A river rat (D:6)
  A white imp (D:5)
  2 worms
  A dart slug (D:3)
  25 orcs
  8 bats
  8 endoplasms
  6 giant cockroaches
  6 goblins
  5 hobgoblins
  7 quokkas
  10 ball pythons
  9 frilled lizards
  5 kobolds
  4 rats
157 creatures vanquished.

Notes
Turn   | Place    | Note
-------+----------+-------------------------------------------
     0 | D:1      | IdlyInterested the Demonspawn Gladiator began the quest for
                  | the Orb.
     0 | D:1      | Reached XP level 1. HP: 16/16 MP: 1/1
   246 | D:1      | Found a faded altar of an unknown god.
   255 | D:1      | Gained mutation: You are partially covered in icy blue
                  | scales. (AC +2) [demonic ancestry]
   255 | D:1      | Reached XP level 2. HP: 21/23 MP: 2/2
   780 | D:1      | Reached skill level 3 in Fighting
   944 | D:1      | Reached XP level 3. HP: 29/29 MP: 3/3
  1586 | D:2      | Found a blossoming altar of Fedhas.
  2941 | D:3      | Found Peusiako's Weapon Boutique.
  2962 | D:3      | Found an ancient bone altar of Kikubaaqudgha.
  2991 | D:3      | Found a basalt altar of Yredelemnul.
  3001 | D:3      | Found a bloodstained altar of Trog.
  3002 | D:3      | Found an ornate altar of the Wu Jian Council.
  3054 | D:3      | Gained mutation: You are mostly covered in icy blue scales.
                  | (AC +3) [demonic ancestry]
  3054 | D:3      | Reached XP level 4. HP: 37/37 MP: 4/4
  3389 | D:3      | Found a snail-covered altar of Cheibriados.
  3395 | D:3      | Reached skill level 4 in Fighting
  3842 | D:4      | Noticed a phantom
  3852 | D:4      | Noticed Natasha
  3860 | D:4      | Killed Natasha
  3862 | D:4      | Noticed Natasha
  3872 | D:4      | Killed Natasha
  3873 | D:4      | Gained mutation: You are completely covered in icy blue
                  | scales. (AC +4, rC+) [demonic ancestry]
  3873 | D:4      | Reached XP level 5. HP: 13/43 MP: 5/5
  3891 | D:4      | Killed a phantom
  3892 | D:4      | Reached skill level 5 in Fighting
  4140 | D:4      | Identified a scroll of acquirement
  4140 | D:4      | Acquired a manual of Throwing
  4143 | D:4      | Gained mutation: You have large cloven feet. [potion of
                  | mutation]
  4155 | D:4      | Noticed Natasha
  4161 | D:4      | Killed Natasha
  4315 | D:4      | Gained mutation: You regenerate a little health from kills.
                  | [demonic ancestry]
  4315 | D:4      | Reached XP level 6. HP: 34/51 MP: 6/6
  4537 | D:4      | Found a staircase to the Ecumenical Temple.
  4545 | Temple   | Entered the Ecumenical Temple
  5327 | D:5      | Entered Level 5 of the Dungeon
  5339 | D:5      | Reached skill level 6 in Fighting
  5655 | D:5      | Gained mutation: Your touch may inflict minor irresistible
                  | damage on your foes. [demonic ancestry]
  5655 | D:5      | Reached XP level 7. HP: 59/59 MP: 7/7
  5816 | D:5      | Reached skill level 7 in Fighting
  5816 | D:5      | Reached skill level 5 in Throwing
  6331 | D:6      | Gained mutation: Your touch may inflict irresistible damage
                  | on your foes. [demonic ancestry]
  6331 | D:6      | Reached XP level 8. HP: 34/68 MP: 8/8
  6351 | D:6      | Reached skill level 8 in Fighting
  6395 | D:6      | Reached skill level 1 in Unarmed Combat
  6414 | D:6      | Found a glowing drain.
  6432 | Sewer    | Entered a sewer
  6592 | Sewer    | Noticed Pargi
  6597 | Sewer    | Killed Pargi
  6897 | D:6      | Reached skill level 9 in Fighting
  7358 | D:6      | Found Syteshra's Overcharged Wands.
  7577 | D:7      | Reached XP level 9. HP: 78/78 MP: 9/9
  7580 | D:7      | Reached skill level 10 in Fighting
  7894 | D:7      | Noticed a cyclops
  7903 | D:7      | Killed a cyclops
  7946 | D:7      | Reached skill level 11 in Fighting
  8250 | D:8      | Noticed Grum
  8257 | D:8      | HP: 4/81 [wolf[Grum] (2)]
  8262 | D:8      | HP: 2/81 [Grum/+0 glaive (8)]
  8263 | D:8      | Slain by a wolf

Illustrated notes

Levels and vault maps discovered:
D:1:      wander_arrival_lonely_grave, layout_loops_ring,
          chequers_ecumenical_altar_island
D:2:      layout_basic, basic_altar, nicolae_elevator_lobby_plus
D:3:      layout_basic, grunt_temple_overflow_open,
          mainiacjoe_overflow_six_doors_small, serial_shops, shop, minmay_vboxes
D:4:      layout_basic, minmay_temple_entry_ruins, uniq_natasha
D:5:      layout_rooms, grunt_ministairs_8
D:6:      layout_basic, cheibrodos_sewer_entry_sluice,
          nicolae_shop_overcharged_wands
D:7:      layout_basic
D:8:      layout_basic, uniq_grum
Temple:   nicolae_temple_elliptical

Skill      XL: |  1  2  3  4  5  6  7  8  9 |
---------------+----------------------------+-----
Long Blades    | 3 |  3.0
Fighting       | 3 4 5 6 7 9 11 | 11.0
Dodging        | 3 |  3.0
Throwing       | 2 3 4 6 |  6.0
Unarmed Combat | 3 4 |  4.8

Action                   |  1- 3 |  4- 6 |  7- 9 || total
-------------------------+-------+-------+-------++-------
Melee: Long sword        |    42 |       |       ||    42
       Dagger            |    79 |   150 |   193 ||   422
       Punch             |     1 |       |     3 ||     4
       Kick              |       |    20 |    94 ||   114
       Touch             |       |       |    49 ||    49
       Short sword       |       |       |    58 ||    58
Throw: Dart              |       |       |     1 ||     1
Evoke: Wand              |       |       |     1 ||     1
  Use: Scroll            |     3 |     9 |     8 ||    20
       Potion            |       |     4 |     3 ||     7
 Stab: Sleeping          |     4 |       |     1 ||     5
Armor: Leather armour    |    50 |     5 |       ||    55
       Ring mail         |       |    61 |    50 ||   111
       Scale mail        |       |     2 |       ||     2
       Troll leather arm |       |       |    63 ||    63
Dodge: Dodged            |    73 |    44 |   169 ||   286
Block: Tower shield      |     7 |    97 |       ||   104

Table legend: (Time is in decaauts)
 A = Elapsed time spent in this place.
 B = Non-inter-level travel time spent in this place.
 C = Inter-level travel time spent in this place.
 D = Time resting spent in this place.
 E = Time spent auto-exploring this place.
 F = Levels seen in this place.
 G = Mean time per level.
                   A        B        C        D        E       F      G
               +--------+--------+--------+--------+--------+-----+--------+
         Total |   8342 |   7197 |   1145 |   1421 |   3907 |  10 |  834.2 |
       Dungeon |   7823 |   6702 |   1121 |   1293 |   3684 |   8 |  977.9 |
        Temple |    174 |    150 |     24 |      0 |    135 |   1 |  174.0 |
         Sewer |    343 |    343 |      0 |    128 |     88 |   1 |  343.0 |
               +--------+--------+--------+--------+--------+-----+--------+

Top non-repeatable levels by time:
     D:2: 1591 daAuts
     D:4: 1362 daAuts
     D:3: 1345 daAuts
     D:1: 1136 daAuts
     D:6: 955 daAuts
     D:5: 743 daAuts
     D:7: 661 daAuts
   Sewer: 343 daAuts
  Temple: 174 daAuts
     D:8: 27 daAuts
